 Dungeon Crawl Stone Soup version 0.31-a0-251-gdc1e01ee57 (webtiles) character file.

Game seed: 388879235057901257

1254 qw the Skirmisher (level 8, -6/68 HPs)
             Began as a Minotaur Hexslinger on July 12, 2023.
             Was an Initiate of Okawaru.
             Mangled by a yak (8 damage)
             ... on level 5 of the Dungeon.
             The game lasted 00:02:05 (4632 turns).

qw the Skirmisher (Minotaur Hexslinger)             Turns: 4632, Time: 00:02:06

Health: -6/68      AC:  8    Str: 13    XL:     8   Next: 26%
Magic:  6/8        EV: 19    Int: 10    God:    Okawaru [......]
Gold:   323        SH:  0    Dex: 21    Spells: 8/9 levels left

rFire   + + .        Y - +1 shortbow
rCold   . . .        (shield currently unavailable)
rNeg    . . .        i - +2 leather armour "Oxeav" {rF++}
rPois   .            (helmet restricted)
rElec   .            (no cloak)
rCorr   .            b - +0 pair of gloves
SInv    .            l - +0 pair of boots
Will    .....        (no amulet)
Stlth   +++          k - +6 ring of dexterity
HPRegen 0.31/turn    (no ring)
MPRegen 0.11/turn

%: no passive effects
@: heroic
A: horns 2, retaliatory headbutt
a: Renounce Religion


You were on level 5 of the Dungeon.
You worshipped Okawaru.
Okawaru was noncommittal.
You visited 2 branches of the dungeon, and saw 6 of its levels.

You collected 323 gold pieces.


Innate Abilities, Weirdness & Mutations

You have a pair of horns on your head.
You reflexively headbutt those who attack you in melee.


   Skills:
 + Level 5.0(10.0) Fighting
 - Level 9.0(14.0) Ranged Weapons
 - Level 1.5(6.5) Armour
 - Level 4.9(9.9) Dodging
 - Level 1.0 Spellcasting
 - Level 2.0 Hexes
 - Level 0.1 Invocations


You had 8 spell levels left.
You knew the following spells:

 Your Spells              Type           Power      Damage    Failure   Level
a - Slow                  Hex            16%        N/A       19%         1

Your spell library contained the following spells:

 Spells                   Type           Power      Damage    Failure   Level
 Inner Flame              Hex/Fire       2%         N/A       63%         3
 Portal Projectile        Hex/Tloc       4%         N/A       63%         3
 Cause Fear               Hex            2%         N/A       88%         4

Inventory:

Hand Weapons
 Y - a +1 shortbow (weapon)
Armour
 b - a +0 pair of gloves (worn)
 i - the +2 leather armour "Oxeav" (worn) {rF++}
   (You found it on level 3 of the Dungeon)

   rF:        It greatly protects you from fire.
 l - a +0 pair of boots (worn)
 n - a scarf of shadows
Jewellery
 k - a +6 ring of dexterity (left hand)
Scrolls
 d - 2 scrolls of identify
 m - 2 scrolls of teleportation {unknown}
Potions
 a - 2 potions of curing
 c - a potion of resistance {unknown}
 e - a potion of berserk rage {unknown}
 f - a potion of heal wounds {unknown}
 g - a potion of degeneration {unknown}
 h - a potion of lignification {unknown}
 j - a potion of ambrosia {unknown}

Dungeon Overview and Level Annotations

Branches:
Dungeon (5/15)             Temple (1/1) D:4

Altars:
Ashenzari
Cheibriados
Dithmenos
Elyvilon
Fedhas
Gozag
Hepliaklqana
Kikubaaqudgha
Makhleb
Nemelex Xobeh
Okawaru
Qazlal
Ru
Sif Muna
Trog
Uskayaw
Vehumet
Wu Jian
Yredelemnul
Zin
The Shining One


Message History

The arrow hits the shadow imp but does no damage.
The shadow imp is almost dead.
The yak gores you! The yak gores you but does no damage.
The shadow imp hits you. The yak barely misses you.
You shoot an arrow.
The arrow closely misses the shadow imp.
The yak closely misses you. The yak gores you! x2
The shadow imp barely misses you. You furiously retaliate!
You headbutt the shadow imp.
You kill the shadow imp!
Okawaru accepts your kill.
4626 ||| INVOKING Heroism.
You gain the combat prowess of a mighty hero.
You can no longer gain great but temporary skills.
The yak completely misses you. The yak closely misses you. x2
You shoot an arrow. The arrow hits the yak.
The yak is moderately wounded.
The yak misses you. The yak completely misses you. You furiously retaliate!
You headbutt the yak! The yak misses you. You furiously retaliate!
You headbutt the yak. The yak closely misses you.
You shoot an arrow. The arrow hits the yak!
The yak is heavily wounded.
You shoot an arrow. The arrow hits the yak!
The yak is severely wounded.
The yak completely misses you. x2; The yak gores you.
The yak misses you.
You shoot an arrow.
The arrow hits the yak but does no damage.
The yak is severely wounded.
The yak gores you. The yak misses you. You furiously retaliate!
You headbutt the yak! The yak misses you. The yak barely misses you.
You furiously retaliate!
You headbutt the yak, but do no damage. You shoot an arrow.
The arrow hits the yak!
You kill the yak!
Okawaru accepts your kill.
The yak gores you! x2; The yak misses you.
Your base Dodging skill increases to level 4!
You shoot an arrow. The arrow closely misses the yak.
You hear the rapid rusting of a distant drain.
The yak gores you!
You die...

... #.........##.#
#..###.........##.#
#..%...#####.#.%..
#....#####.#.#.#
#...........#.#
#...#.###...#.# ..#####
#...#.(##...#.#
......Y###...##.##...#.#
.....YY@..?..##...>#.#..
......Y%.....#######.###
#............# #.# #
#............# ####.###
#............# #.......
#............# #.......
#.........#### #.......
#.........# #.......
##.......


You could see 4 yaks.

Vanquished Creatures
  A yak (D:5)
  An ogre (D:3)
  A phantom (D:5)
  A centaur (D:3)
  Blork the orc (D:4)
  A bullfrog (D:4)
  3 scorpions
  3 jellies
  3 hounds
  Natasha (thrice) (D:2)
  A mummy (D:4)
  Robin (D:4)
  3 gnolls
  13 adders
  A shadow imp (D:5)
  4 worms
  3 dart slugs
  2 orcs
  7 ball pythons
  10 endoplasms
  3 giant cockroaches
  22 goblins
  11 hobgoblins
  2 jackals (D:1)
  5 quokkas
  7 bats
  4 frilled lizards
  13 kobolds
  8 rats
138 creatures vanquished.

Notes
Turn   | Place    | Note
-------+----------+-------------------------------------------
     0 | D:1      | qw the Minotaur Hexslinger began the quest for the Orb.
     0 | D:1      | Reached XP level 1. HP: 16/16 MP: 1/1
     0 | D:1      | 0 ||| qw: Version: 0.3-a-52-g30416fa
     0 | D:1      | 0 ||| qw: Game counter: 6579
     0 | D:1      | 0 ||| qw: Melee chars always use a shield: true
     0 | D:1      | 0 ||| qw: God list: Okawaru
     0 | D:1      | 0 ||| qw: Allow faded altars: false
     0 | D:1      | 0 ||| qw: Do Orc after clearing Dungeon:15 true
     0 | D:1      | 0 ||| qw: Do second Lair branch before Depths: true
     0 | D:1      | 0 ||| qw: Lair rune preference: random
     0 | D:1      | 0 ||| qw: Goals: Normal
     0 | D:1      | 0 ||| PLANNING D:1-11
    73 | D:1      | 73 ||| DROPPING scroll of poison.
    91 | D:1      | Reached skill level 3 in Ranged Weapons
    91 | D:1      | Reached XP level 2. HP: 23/23 MP: 2/2
    95 | D:1      | 95 ||| READING scroll labelled CUTIHY NAWOISU.
   304 | D:1      | Reached XP level 3. HP: 29/29 MP: 3/3
   591 | D:1      | 591 ||| UPGRADING to +0 leather armour.
   601 | D:1      | 601 ||| DROPPING +0 robe.
   602 | D:1      | 602 ||| READING scroll labelled WEFYUFU IMUU.
   603 | D:1      | 603 ||| READING scroll labelled BIS NOESIVVODI.
   715 | D:2      | Reached skill level 4 in Ranged Weapons
   974 | D:2      | Reached XP level 4. HP: 12/36 MP: 4/4
   978 | D:2      | HP: 7/36 [gnoll/+0 spear (3)]
   980 | D:2      | 980 ||| FLEEEEING.
   981 | D:2      | 981 ||| FLEEEEING.
   982 | D:2      | 982 ||| FLEEEEING.
   983 | D:2      | 983 ||| FLEEEEING.
   984 | D:2      | 984 ||| FLEEEEING.
   985 | D:2      | 985 ||| FLEEEEING.
   986 | D:2      | 986 ||| FLEEEEING.
   987 | D:2      | 987 ||| FLEEEEING.
   988 | D:2      | 988 ||| FLEEEEING.
   989 | D:2      | 989 ||| FLEEEEING.
   990 | D:2      | 990 ||| FLEEEEING.
   991 | D:2      | 991 ||| FLEEEEING.
   992 | D:2      | 992 ||| FLEEEEING.
   993 | D:2      | 993 ||| FLEEEEING.
   994 | D:2      | 994 ||| FLEEEEING.
   995 | D:2      | 995 ||| FLEEEEING.
   996 | D:2      | 996 ||| FLEEEEING.
   997 | D:2      | 997 ||| FLEEEEING.
   998 | D:2      | 998 ||| FLEEEEING.
   999 | D:2      | 999 ||| FLEEEEING.
  1000 | D:2      | 1000 ||| FLEEEEING.
  1001 | D:2      | 1001 ||| FLEEEEING.
  1002 | D:2      | 1002 ||| FLEEEEING.
  1003 | D:2      | 1003 ||| FLEEEEING.
  1004 | D:2      | 1004 ||| FLEEEEING.
  1005 | D:2      | 1005 ||| FLEEEEING.
  1006 | D:2      | 1006 ||| FLEEEEING.
  1007 | D:2      | 1007 ||| FLEEEEING.
  1008 | D:2      | 1008 ||| FLEEEEING.
  1009 | D:2      | 1009 ||| FLEEEEING.
  1010 | D:2      | 1010 ||| FLEEEEING.
  1011 | D:2      | 1011 ||| FLEEEEING.
  1012 | D:2      | 1012 ||| STAIRDANCE
  1088 | D:1      | 1088 ||| READING scroll labelled VOADYCUMUIT.
  1089 | D:1      | 1089 ||| READING scroll labelled JAEWAP IQEOGI.
  1093 | D:2      | 1093 ||| STAIRDANCE
  1098 | D:1      | HP: 9/36 [gnoll/+0 club (4)]
  1292 | D:2      | Reached skill level 5 in Ranged Weapons
  1344 | D:2      | Found a shadowy altar of Dithmenos.
  1382 | D:2      | Noticed Natasha
  1387 | D:2      | Killed Natasha
  1388 | D:2      | Reached skill level 3 in Fighting
  1388 | D:2      | Reached XP level 5. HP: 34/45 MP: 5/5
  1577 | D:2      | Noticed Natasha
  1583 | D:2      | Killed Natasha
  1951 | D:2      | Noticed Natasha
  1960 | D:2      | Killed Natasha
  2066 | D:2      | 2066 ||| READING scroll labelled UCAUMYZXUJ.
  2067 | D:2      | 2067 ||| DRINKING 2 murky ruby potions.
  2199 | D:3      | Reached skill level 6 in Ranged Weapons
  2265 | D:3      | Identified the +2 leather armour "Oxeav" {rF++}
  2294 | D:3      | Noticed an ogre
  2300 | D:3      | Killed an ogre
  2301 | D:3      | Reached XP level 6. HP: 22/53 MP: 6/6
  2845 | D:3      | 2845 ||| SWAPPING to +0 shortbow.
  2892 | D:3      | 2892 ||| DROPPING +1 sling.
  2940 | D:3      | Found a radiant altar of Vehumet.
  3002 | D:3      | 3002 ||| UPGRADING to +0 pair of gloves.
  3007 | D:3      | 3007 ||| UPGRADING to +2 leather armour "Oxeav" {rF++}.
  3017 | D:3      | 3017 ||| DROPPING +0 leather armour.
  3018 | D:3      | 3018 ||| READING scroll labelled NYOCRO OGIAGIOM.
  3019 | D:3      | 3019 ||| READING 2 scrolls of identify.
  3019 | D:3      | 3019 ||| IDENTIFYING dark potion
  3020 | D:3      | 3020 ||| DROPPING potion of magic.
  3059 | D:4      | 3059 ||| PLANNING OSSUARY
  3114 | D:4      | Reached skill level 1 in Armour
  3262 | D:4      | Reached skill level 7 in Ranged Weapons
  3334 | D:4      | Noticed Robin
  3350 | D:4      | Killed Robin
  3351 | D:4      | Reached XP level 7. HP: 50/60 MP: 7/7
  3351 | D:4      | 3351 ||| FLEEEEING.
  3352 | D:4      | 3352 ||| FLEEEEING.
  3365 | D:4      | 3365 ||| FLEEEEING.
  3366 | D:4      | 3366 ||| FLEEEEING.
  3447 | D:4      | Found a staircase to the Ecumenical Temple.
  3568 | D:4      | Reached skill level 8 in Ranged Weapons
  3801 | D:4      | 3801 ||| RIP OSSUARY
  3802 | D:4      | 3802 ||| PLANNING TEMPLE
  3804 | D:4      | 3804 ||| UPGRADING to +0 pair of boots.
  3861 | D:4      | 3861 ||| UPGRADING to +6 ring of dexterity.
  3862 | D:4      | 3862 ||| READING scroll labelled KUCSAI ROXEOBO.
  3863 | D:4      | 3863 ||| READING scroll labelled QEJ UXUMEVOIRGH.
  3881 | Temple   | Entered the Ecumenical Temple
  3882 | Temple   | 3882 ||| PLANNING OKAWARU WORSHIP
  3965 | Temple   | Became a worshipper of Warmaster Okawaru
  3966 | Temple   | 3966 ||| PLANNING D:1-11
  4015 | D:4      | Noticed Blork the orc
  4021 | D:4      | Killed Blork the orc
  4022 | D:4      | Reached skill level 3 in Dodging
  4124 | D:5      | Entered Level 5 of the Dungeon
  4125 | D:5      | 4125 ||| PLANNING SEWER
  4218 | D:5      | Found a hide-covered altar of Uskayaw.
  4359 | D:5      | Reached XP level 8. HP: 65/68 MP: 8/8
  4429 | D:5      | Reached skill level 9 in Ranged Weapons
  4591 | D:5      | Reached * piety under Okawaru
  4626 | D:5      | 4626 ||| INVOKING Heroism.
  4631 | D:5      | HP: 11/68 [yak (11)]
  4631 | D:5      | HP: 2/68 [yak (9)]
  4632 | D:5      | Mangled by a yak

Levels and vault maps discovered:
D:1:      lightli_arrival_lavapool, layout_rooms, serial_glass, glass_columns_c,
          glass_columns_a, glass_columns_c, glass_columns_b, glass_columns_c,
          minmay_domino_4
D:2:      layout_basic, basic_altar, minmay_fractal_squares_5, uniq_natasha
D:3:      layout_basic, lemuel_crystal_altar, minmay_misc_feat_pillars
D:4:      kennysheep_six_static_rooms, layout_basic, minmay_temple_entry_grid,
          gup_ossuary_entry_pyramid, uniq_blork_the_orc, uniq_robin
D:5:      layout_basic, nicolae_uskayaw_murder_on_the_dancefloor,
          gup_sewer_entry_bubbles
Temple:   dpeg_three_leaves_temple

Skill      XL: |  1  2  3  4  5  6  7  8 |
---------------+-------------------------+-----
Ranged Weapons | 3 4 5 6 7 8 9 |  9.0
Fighting       | 2 3 4 5 |  5.0
Armour         | 1 |  1.5
Dodging        | 3 4 |  4.9
Spellcasting   | |  1.0
Hexes          | |  2.0
Invocations    | |  0.1

Action                     |  1- 3 |  4- 6 |  7- 9 || total
---------------------------+-------+-------+-------++-------
   Fire: Sling             |    96 |   164 |       ||   260
         Shortbow          |       |    79 |   147 ||   226
 Invoke: Heroism           |       |       |     1 ||     1
    Use: Scroll            |     3 |     5 |     2 ||    10
         Potion            |       |     1 |       ||     1
 Armour: Robe              |     7 |       |       ||     7
         Leather armour    |       |    37 |    27 ||    64
  Dodge: Dodged            |    27 |    81 |    56 ||   164

Table legend:
 A = Non-vault XP
 B = Vault XP
 C = Vault XP percentage of total XP
 D = Non-vault monster count
 E = Vault monster count
 F = Vault count percentage of total count
                 A         B        C        D         E       F
            +---------+---------+-------+---------+---------+-------
      Total |    1522 |     270 |  15.1 |     102 |      36 |  26.1
            +---------+---------+-------+---------+---------+-------
        D:1 |      62 |       7 |  10.1 |      28 |       4 |  12.5
        D:2 |     157 |      67 |  29.9 |      25 |      11 |  30.6
        D:3 |     318 |       0 |   0.0 |      17 |       0 |   0.0
        D:4 |     310 |     196 |  38.7 |      19 |      21 |  52.5
        D:5 |     675 |       0 |   0.0 |      13 |       0 |   0.0
            +---------+---------+-------+---------+---------+-------
